AoeStats
← 落花之情

Black Forest

506694050Analyzed
4v4 RM · 16d ago on Sep 14, 2026· 48m 27s· 8 players
Game mode
Random Map
Map size
Large (8 player)
Population
200
Speed
Normal
Resources
Standard
Victory
Conquest
Starting age
Dark Age
Ending age
Imperial Age
RankedLock teamsTeams togetherTeam positionsShared explorationLock speedFull tech treeHidden civsTurbo modeCheats
Victory
Defeat
🇨🇳 Persians · China
1687
+12
🇹🇷 Japanese · Türkiye
1612
+15
1558
+18
🇻🇳 Mongols · Vietnam
1549
+18
🇪🇨 Teutons · Ecuador
1733
-21
🇮🇳 Spanish · India
1588
-15
🇮🇳 Persians · India
1556
-14
🇮🇳 Mongols · India
1526
-13
GDL Paquita Industrial
12:42 Feudal Age
16:21 Castle Age
15:07 Double-Bit Axe
15:02 Horse Collar
17:32 Bow Saw
17:22 Heavy Plow
17:51 Gold Mining
19:09 Fishing Lines
21:21 Demolition Ship
21:52 Gillnets
23:29 Wheelbarrow
23:49 Stone Mining
25:40 Hand Cart
26:39 Loom
29:46 Imperial Age
27:59 Husbandry
28:09 Bloodlines
28:07 Scale Barding Armor
28:12 Forging
29:22 Chain Barding Armor
29:33 Fortified Wall
30:11 Coinage
29:55 Chatras
31:40 Crop Rotation
31:50 Plate Barding Armor
31:50 Iron Casting
31:39 Paper Money
32:20 Two-Man Saw
31:24 Pikeman
32:05 Squires
32:07 Scale Mail Armor
33:42 Chemistry
33:03 Ballistics
32:16 Halberdier
32:48 Elite Fire Lancer
33:37 Siege Engineers
33:23 Elite Rattan Archer
34:57 Chain Mail Armor
35:08 Padded Archer Armor
34:59 Fletching
35:59 Elite Skirmisher
36:45 Thumb Ring
37:31 Banking
37:52 Leather Archer Armor
37:33 Bodkin Arrow
37:16 Elite Battle Elephant
37:26 Imperial Skirmisher
39:26 Bracer
40:27 Leather Archer Armor
41:39 Town Watch
43:55 Ring Archer Armor
45:24 Caravan
Itgetsdarker
0:43 Loom
11:51 Feudal Age
12:45 Double-Bit Axe
12:40 Horse Collar
18:40 Castle Age
24:15 Imperial Age
23:40 Fishing Lines
24:46 Gillnets
27:04 Wheelbarrow
28:13 Conscription
29:15 Gold Mining
30:49 Town Watch
31:36 Bow Saw
31:38 Fletching
31:48 Padded Archer Armor
32:39 Gold Shaft Mining
32:43 Parthian Tactics
34:11 Bodkin Arrow
34:32 Leather Archer Armor
34:42 Ballistics
35:31 Hand Cart
35:48 Caravan
37:48 Chemistry
36:59 Scale Mail Armor
37:10 Forging
37:17 Leather Archer Armor
37:02 Bracer
37:32 Masonry
37:24 Elite Samurai
38:07 Yasama
38:44 Siege Engineers
38:42 Treadmill Crane
39:14 Bracer
39:50 Iron Casting
39:10 Heavy Cavalry Archer
41:06 Ring Archer Armor
40:51 Chain Mail Armor
41:06 Guard Tower
44:04 Blast Furnace
43:09 Squires
43:43 Thumb Ring
44:34 Keep
44:34 Plate Mail Armor
48:59 Bloodlines
48:49 Husbandry
Bis
0:46 Loom
11:34 Feudal Age
16:12 Castle Age
15:04 Double-Bit Axe
15:48 Fishing Lines
16:17 Fletching
19:41 Horse Collar
23:02 Padded Archer Armor
26:43 Bodkin Arrow
28:23 Wheelbarrow
33:40 Imperial Age
31:59 Bow Saw
31:55 Gold Mining
32:50 Heavy Plow
33:44 Gold Shaft Mining
33:40 Leather Archer Armor
33:28 Gillnets
35:24 Chemistry
34:55 Bracer
35:30 Parthian Tactics
35:36 Ballistics
36:03 Conscription
36:00 Thumb Ring
35:32 Elite Skirmisher
36:21 Husbandry
36:08 Capped Ram
36:57 Stone Mining
37:42 Imperial Skirmisher
39:01 Hand Cart
38:45 Town Watch
39:53 Masonry
40:58 Stone Shaft Mining
40:05 Onager
40:18 Elite Mangudai
40:59 Nomads
41:19 Drill
41:02 Siege Ram
44:32 Caravan
45:02 Coinage
46:00 Bloodlines
46:12 Scale Barding Armor
47:35 Chain Barding Armor
47:26 Forging
47:30 Town Patrol
47:17 Light Cavalry
落花之情
11:27 Feudal Age
12:16 Double-Bit Axe
15:00 Castle Age
12:45 Fishing Lines
13:55 Horse Collar
15:41 Bow Saw
18:03 Wheelbarrow
18:13 Heavy Plow
22:35 Loom
23:16 Hand Cart
23:11 Gold Mining
23:57 Stone Mining
25:36 Gold Shaft Mining
25:37 Stone Shaft Mining
28:28 Imperial Age
25:45 Loom
26:08 Scale Barding Armor
27:09 Chain Barding Armor
26:40 Town Watch
28:09 Forging
29:24 Plate Barding Armor
29:16 Conscription
29:10 Husbandry
29:21 Bloodlines
28:32 Onager
30:17 Guilds
30:54 Iron Casting
31:25 Two-Man Saw
30:59 Crop Rotation
31:15 Coinage
30:10 Elite War Elephant
32:35 Blast Furnace
32:49 Coinage
34:37 Banking
34:15 Devotion
34:22 Fletching
35:07 Citadels
35:25 Faith
35:49 Bodkin Arrow
38:15 Masonry
38:26 Ballistics
39:07 Chemistry
40:33 Caravan
46:17 Hoardings
46:17 Architecture
46:49 Chemistry
HAASHIRAMA
2:06 Loom
11:41 Feudal Age
15:44 Castle Age
14:01 Double-Bit Axe
13:57 Horse Collar
17:21 Bow Saw
17:15 Fishing Lines
20:29 Fishing Lines
21:40 Wheelbarrow
23:37 Hand Cart
23:23 Heavy Plow
23:21 Town Watch
26:06 Gold Mining
30:03 Imperial Age
28:03 Scale Barding Armor
28:09 Forging
28:03 Gillnets
28:52 Gold Shaft Mining
28:55 Scale Mail Armor
28:41 Pikeman
29:21 Squires
29:41 Stone Mining
30:38 Iron Casting
29:44 Halberdier
30:40 Chain Mail Armor
31:27 Two-Man Saw
30:58 Crop Rotation
32:04 Chemistry
32:26 Stone Shaft Mining
32:54 Blast Furnace
32:16 Chain Barding Armor
34:03 Plate Mail Armor
34:11 Town Patrol
34:32 Chain Barding Armor
42:32 Coinage
45:22 Plate Barding Armor
44:50 Husbandry
45:00 Bloodlines
44:13 Light Cavalry
45:44 Conscription
46:03 Hoardings
A-V (JustOnePixeL)
0:59 Loom
14:42 Feudal Age
19:03 Castle Age
17:11 Double-Bit Axe
17:27 Horse Collar
21:14 Bow Saw
26:29 Fortified Wall
27:40 Wheelbarrow
29:21 Hand Cart
29:09 Gold Mining
29:21 Heavy Plow
33:48 Imperial Age
34:21 Heresy
34:22 Sanctity
34:57 Block Printing
37:06 Scale Mail Armor
39:42 Inquisition
41:11 Theocracy
40:51 Fervor
40:46 Husbandry
40:49 Atonement
41:17 Illumination
Eärnur
11:59 Feudal Age
13:12 Double-Bit Axe
13:13 Horse Collar
15:45 Castle Age
16:52 Bow Saw
17:06 Heavy Plow
20:49 Wheelbarrow
20:56 Gold Mining
22:26 Hand Cart
22:27 Town Watch
22:29 Loom
23:33 Stone Mining
28:24 Imperial Age
25:40 Loom
27:04 Masonry
27:19 Scale Barding Armor
27:25 Forging
27:53 Fortified Wall
28:56 Bloodlines
29:09 Chain Barding Armor
30:08 Chemistry
29:30 Conscription
29:54 Iron Casting
30:26 Plate Barding Armor
31:35 Iron Casting
30:37 Cavalier
31:45 Siege Engineers
31:31 Onager
32:33 Fletching
33:30 Caravan
33:05 Pikeman
33:46 Squires
34:17 Scale Mail Armor
35:30 Blast Furnace
34:24 Gambesons
34:06 Halberdier
34:55 Arson
34:56 Gambesons
35:25 Guard Tower
36:24 Chain Mail Armor
36:20 Fletching
37:05 Chain Mail Armor
36:46 Arrowslits
37:53 Bodkin Arrow
38:20 Ballistics
40:04 Plate Mail Armor
39:58 Guilds
42:45 Keep
wackadoodle
1:21 Loom
10:17 Feudal Age
11:09 Double-Bit Axe
18:16 Castle Age
17:32 Town Watch
17:31 Fishing Lines
20:06 Bow Saw
19:49 Gillnets
21:34 Horse Collar
25:31 Wheelbarrow
30:07 Imperial Age
28:14 Ballistics
27:45 Gold Mining
28:04 Heavy Plow
27:58 Fletching
30:08 Gold Shaft Mining
29:38 Bodkin Arrow
29:44 Padded Archer Armor
30:26 Thumb Ring
30:09 Capped Ram
30:56 Bracer
31:58 Chemistry
31:34 Husbandry
31:51 Bloodlines
32:01 Leather Archer Armor
33:05 Parthian Tactics
32:24 Heavy Cavalry Archer
33:06 Stone Mining
33:39 Siege Ram
36:56 Stone Shaft Mining
37:24 Caravan
37:55 Coinage
37:28 Caravan
40:08 Elite Skirmisher
41:07 Masonry
42:15 Drill
42:33 Banking
42:19 Caravan
42:05 Onager
43:43 Conscription
43:26 Nomads
44:04 Hoardings
44:36 Siege Engineers
44:19 Siege Onager
Connection lost

Rejoining the realm…

Still unreachable

The connection could not be restored.

Session expired

The server has moved on; the page needs a fresh start.